 Dungeon Crawl Stone Soup version 0.25-a0-190-g27fffb8c76 (webtiles) character file.

Game seed: 5811966308077198109, levelgen mode: deterministic

3854 Goreval the Spear-Bearer (level 9, -3/72 HPs)
             Began as a Demonspawn Gladiator on Nov 30, 2019.
             Was a Follower of Yredelemnul.
             Slain by a two-headed ogre
             ... wielding a +0 giant spiked club
              (4 damage)
             ... on level 7 of the Dungeon.
             The game lasted 00:26:59 (9544 turns).

Goreval the Spear-Bearer (Demonspawn Gladiator)     Turns: 9544, Time: 00:27:00

Health: -3/72      AC: 19    Str: 19    XL:     9   Next: 99%
Magic:  14/14      EV:  9    Int: 13    God:    Yredelemnul [*.....]
Gold:   372        SH:  0    Dex: 14    Spells: 8/8 levels left

rFire    . . .     SeeInvis .   a - +0 trident
rCold    . . .     Gourm    .   (no shield)
rNeg     . . .     Faith    .   r - +0 chain mail
rPois    .         Spirit   .   c - +0 helmet
rElec    .         Reflect  .   B - +0 cloak
rCorr    .         Harm     .   v - +0 pair of gloves
MR       .....                  l - +0 pair of boots
Stlth    ..........             (no amulet)
HPRegen  0.22/turn              w - +5 ring of protection
MPRegen  0.14/turn              E - +4 ring of intelligence

@: injury mirror
A: spiny 2, sturdy frame 1
a: Animate Remains, Renounce Religion


You were on level 7 of the Dungeon.
You worshipped Yredelemnul.
Yredelemnul was aware of your devotion.
You were not hungry.

You visited 1 branch of the dungeon, and saw 8 of its levels.

You collected 372 gold pieces.

Inventory:

Hand Weapons
 a - a +0 trident (weapon)
Missiles
 d - 5 throwing nets
 e - 9 boomerangs
 h - 237 stones
 i - 6 javelins (quivered)
Armour
 c - a +0 helmet (worn)
 l - a +0 pair of boots (worn)
 r - a +0 chain mail (worn)
 v - a +0 pair of gloves (worn)
 B - a +0 cloak (worn)
Jewellery
 k - an uncursed ring of fire
 t - an uncursed ring of fire
 w - a +5 ring of protection (left hand)
 E - a +4 ring of intelligence (right hand)
Wands
 F - a wand of iceblast (14)
Scrolls
 b - 3 scrolls of fog {unknown}
 g - 2 scrolls of amnesia {unknown}
 m - 2 scrolls of enchant weapon {unknown}
 n - a scroll of teleportation {unknown}
 p - 2 scrolls of enchant armour {unknown}
 u - 4 scrolls of remove curse
 y - 3 scrolls of fear
 A - 2 scrolls of blinking
Potions
 j - a potion of flight
 o - 2 potions of curing
 q - a potion of resistance {unknown}
 s - 2 potions of haste
 x - 3 potions of mutation
 C - a potion of heal wounds {unknown}
 D - a potion of magic {unknown}
 H - a potion of lignification {unknown}
Comestibles
 f - 14 rations


   Skills:
 + Level 7.1 Fighting
 * Level 9.3 Polearms
 - Level 1.7 Throwing
 + Level 5.4 Armour
 - Level 2.6 Dodging
 + Level 6.9 Invocations


You had 8 spell levels left.
You didn't know any spells.
Your spell library contained the following spells:

 Spells                   Type           Power        Failure   Level  Hunger
 Sandblast                Erth           #.....       87%         1    ##.....
 Passwall                 Tmut/Erth      #.......     95%         2    ###....
 Stone Arrow              Conj/Erth      #.....       99%         3    ####...
 Petrify                  Tmut/Erth      #.......     100%        4    #####..
 Lee's Rapid Deconstruct  Erth           #.........   100%        5    ######.


Dungeon Overview and Level Annotations

Branches:
Dungeon (8/15)             Temple (0/1) D:5
   Lair: D:8-11

Altars:
Ashenzari
Elyvilon
Gozag
Nemelex Xobeh
Okawaru
Xom
Yredelemnul
Zin
The Shining One

Shops:
D:5 (

Annotations:
D:5 1 runed translucent door, Crazy Yiuf
D:8 Harold


Innate Abilities, Weirdness & Mutations

You are mostly covered in sharp spines.
Your movements are slightly less encumbered by armour. (ER -2)


Message History

* * * LOW HITPOINT WARNING * * *
Yredelemnul mirrors your injury!
You can no longer recall your undead slaves.
You can no longer mirror injuries on your foes.
The two-headed ogre hits you but does no damage.
You barely miss the two-headed ogre. You hit the two-headed ogre.
The two-headed ogre hits you with a +0 giant spiked club!
* * * LOW HITPOINT WARNING * * *
The two-headed ogre barely misses you.
You feel better.
The two-headed ogre hits you with a +0 giant spiked club!
* * * LOW HITPOINT WARNING * * *
The two-headed ogre hits you with a cursed +0 giant club.
* * * LOW HITPOINT WARNING * * *
You hit the two-headed ogre but do no damage.
You hit the two-headed ogre. The two-headed ogre closely misses you.
The two-headed ogre hits you with a cursed +0 giant club.
You die...
Your body rises from the dead as a mindless zombie.

........................#
#........#####..........#
..####...# #..........#
### #...# #......[...#
#...# ######)##### ##.##
#<# #.## #.# #..##
####.#### ##..#
##@......## ##.#
##..O......## #.#
#...........#
#########)####...........#
........)................#
........#.#####.........##
#######.#.# #........##
#.#.#####.###.####
#.#.##.........#


You could see a two-headed ogre.

Vanquished Creatures
  Maurice (D:7)
  Psyche (D:7)
  A kobold demonologist (D:8)
  Grinder (D:5)
  2 hogs (D:7)
  A human (D:7)
  A yak (D:7)
  3 phantoms
  A sky beast (D:6)
  2 ice beasts
  2 ogres
  4 wolves
  A centaur (D:5)
  A big kobold (D:7)
  2 bullfrogs (D:6)
  A scorpion (D:7)
  2 crimson imps
  A bullfrog zombie (D:6)
  5 hounds
  4 orc wizards
  Jessica (D:3)
  3 bullfrog skeletons
  An iguana (D:4)
  4 worker ants
  6 gnolls
  3 adders
  3 shadow imps
  2 oozes
  A worm (D:3)
  2 leopard geckos
  23 orcs
  A ball python (D:1)
  5 bats
  5 giant cockroaches
  12 goblins
  8 hobgoblins
  3 jackals (D:3)
  7 quokkas
  8 frilled lizards
  14 kobolds
  A leopard gecko skeleton (D:7)
  3 rats
  A plant (D:2)
154 creatures vanquished.

Vanquished Creatures (collateral kills)
  A hog (D:7)
  A howler monkey (D:7)
  An orc wizard (D:7)
  An adder (D:7)
  3 orcs
7 creatures vanquished.

Vanquished Creatures (others)
  A hog skeleton (D:7)
  A wolf zombie (D:8)
  A wolf skeleton (D:8)
  A hound (D:8)
  A human skeleton (D:7)
  A hound skeleton (D:8)
  An adder skeleton (D:7)
  An orc (D:8)
  A giant cockroach (D:8)
  2 kobold zombies (D:7)
  3 orc skeletons
  An orc zombie (D:8)
15 creatures vanquished.

Grand Total: 176 creatures vanquished

Notes
Turn   | Place    | Note
-------+----------+-------------------------------------------
     0 | D:1      | Goreval the Demonspawn Gladiator began the quest for the
                  | Orb.
     0 | D:1      | Reached XP level 1. HP: 16/16 MP: 1/1
   269 | D:1      | Reached skill level 3 in Polearms
   452 | D:1      | Gained mutation: You are partially covered in sharp spines.
                  | [demonic ancestry]
   452 | D:1      | Reached XP level 2. HP: 22/22 MP: 2/2
  1221 | D:3      | Reached XP level 3. HP: 28/28 MP: 3/3
  2088 | D:2      | Reached skill level 4 in Polearms
  2088 | D:2      | Reached XP level 4. HP: 11/34 MP: 4/4
  2881 | D:3      | Found an opulent altar of Gozag.
  2915 | D:3      | Noticed Jessica
  2920 | D:3      | Killed Jessica
  3410 | D:3      | Reached XP level 5. HP: 40/41 MP: 5/5
  3908 | D:3      | Noticed an ogre
  3916 | D:3      | Killed an ogre
  3916 | D:3      | Reached skill level 5 in Polearms
  3916 | D:3      | Reached skill level 1 in Armour
  4339 | D:4      | Reached XP level 6. HP: 36/48 MP: 6/6
  4784 | D:4      | Found a sparkling altar of Nemelex Xobeh.
  4784 | D:4      | Found an opulent altar of Gozag.
  5103 | D:5      | Entered Level 5 of the Dungeon
  5114 | D:5      | Found a basalt altar of Yredelemnul.
  5123 | D:5      | Became a worshipper of Yredelemnul the Dark
  5259 | D:5      | Found an iron altar of Okawaru.
  5341 | D:5      | Noticed an ice beast
  5353 | D:5      | Killed an ice beast
  5353 | D:5      | Reached XP level 7. HP: 31/55 MP: 7/7
  5492 | D:5      | Noticed Grinder
  5495 | D:5      | Paralysed by Grinder for 2 turns
  5510 | D:5      | Paralysed by Grinder for 6 turns
  5530 | D:5      | Paralysed by Grinder for 4 turns
  5535 | D:5      | Killed Grinder
  5535 | D:5      | Reached skill level 6 in Polearms
  5535 | D:5      | Reached skill level 1 in Invocations
  5687 | D:5      | Found Esuedeeq's Antique Weapon Emporium.
  5746 | D:5      | Found a staircase to the Ecumenical Temple.
  5921 | D:5      | Found a white marble altar of Elyvilon.
  5953 | D:5      | Found a runed translucent door.
  5954 | D:5      | Noticed Crazy Yiuf
  6029 | D:6      | Reached skill level 5 in Fighting
  6029 | D:6      | Gained mutation: You are mostly covered in sharp spines.
                  | [demonic ancestry]
  6029 | D:6      | Reached XP level 8. HP: 60/62 MP: 8/10
  6084 | D:6      | Found a shattered altar of Ashenzari.
  6127 | D:6      | Found a glowing golden altar of the Shining One.
  6363 | D:6      | Reached skill level 7 in Polearms
  6382 | D:6      | Reached * piety under Yredelemnul
  6425 | D:6      | Found a shimmering altar of Xom.
  6925 | D:7      | Gained mutation: Your movements are slightly less
                  | encumbered by armour. (ER -2) [demonic ancestry]
  6925 | D:7      | Reached XP level 9. HP: 28/69 MP: 12/12
  6927 | D:7      | Reached skill level 8 in Polearms
  6927 | D:7      | Reached skill level 5 in Invocations
  7267 | D:7      | Found a glowing silver altar of Zin.
  7517 | D:8      | Noticed Psyche
  7587 | D:7      | Killed Psyche
  7734 | D:8      | Noticed Maurice
  7950 | D:7      | Reached skill level 5 in Armour
  8239 | D:7      | Found a glowing silver altar of Zin.
  8292 | D:7      | Killed Maurice
  8292 | D:7      | Reached skill level 9 in Polearms
  8310 | D:8      | Noticed Harold
  8363 | D:7      | Reached ** piety under Yredelemnul
  8498 | D:8      | Noticed a two-headed ogre
  8502 | D:8      | Noticed a troll
  9032 | D:8      | Noticed a kobold demonologist
  9033 | D:8      | Noticed a kobold demonologist
  9033 | D:8      | Noticed a kobold demonologist
  9037 | D:8      | Noticed a sixfirhy
  9045 | D:8      | Noticed a red devil
  9064 | D:8      | Noticed a rust devil
  9068 | D:8      | Killed a kobold demonologist
  9431 | D:8      | Found a glowing golden altar of the Shining One.
  9542 | D:7      | HP: 1/72 [two-headed ogre/+0 giant spiked club (4)]
  9544 | D:7      | Slain by a two-headed ogre

Levels and vault maps discovered:
D:1:      ncdulo_wetmaze, layout_basic
D:2:      wad_woods_tower, layout_rooms, minivault_14
D:3:      layout_loops_ring, nicolae_gozag_seed_capital, uniq_jessica
D:4:      layout_basic, grunt_temple_overflow_opulence,
          kennysheep_generic_room_4
D:5:      layout_loops_ring, lemuel_coloured_pillars_altar,
          minmay_temple_entry_fiery, serial_shops, shop, basic_altar,
          first_ration, yredelemnul_altar_generic, uniq_grinder,
          uniq_crazy_yiuf_cottage
D:6:      layout_basic, tso_oasis_becter, nicolae_ashenzari_panopticon,
          minmay_ruined_shrine
D:7:      layout_rooms, kennysheep_little_box, grunt_decor_resistance,
          grunt_livestock
D:8:      layout_gridville, erik_lair_island, minmay_stone_trees_large,
          nicolae_tso_carved_into_rock, uniq_maurice, uniq_psyche, uniq_harold

Skill      XL: |  1  2  3  4  5  6  7  8  9 |
---------------+----------------------------+-----
Polearms       | 3 4 5 6 7 9 |  9.3
Fighting       | 3 4 5 7 |  7.1
Armour         | 1 2 3 4 5 |  5.4
Invocations    | 2 4 6 |  6.9
Throwing       | |  1.7
Dodging        | |  2.6

Action                   |  1- 3 |  4- 6 |  7- 9 || total
-------------------------+-------+-------+-------++-------
Melee: Trident           |   125 |   189 |   327 ||   641
Throw: Stone             |     2 |    10 |       ||    12
       Boomerang         |       |     3 |       ||     3
       Javelin           |       |     2 |    11 ||    13
Invok: Animate Remains   |       |       |    17 ||    17
       Injury Mirror     |       |       |     1 ||     1
       Recall Undead Sla |       |       |     1 ||     1
  Use: Scroll            |     1 |     4 |     3 ||     8
       Potion            |       |       |     3 ||     3
 Stab: Sleeping          |     3 |       |       ||     3
  Eat: Chunk             |     2 |     7 |    16 ||    25
       Ration            |       |     1 |     2 ||     3
Armor: Leather armour    |    16 |     2 |       ||    18
       Chain mail        |       |    38 |   169 ||   207
Dodge: Dodged            |    82 |    53 |    98 ||   233

Table legend:
 A = Non-vault XP
 B = Vault XP
 C = Vault XP percentage of total XP
 D = Non-vault monster count
 E = Vault monster count
 F = Vault count percentage of total count
                 A         B        C        D         E       F
            +---------+---------+-------+---------+---------+-------
      Total |    2689 |    2818 |  51.2 |     132 |      30 |  18.5
            +---------+---------+-------+---------+---------+-------
        D:1 |      37 |       0 |   0.0 |      17 |       0 |   0.0
        D:2 |      54 |      37 |  40.7 |      18 |       6 |  25.0
        D:3 |     179 |      37 |  17.1 |      25 |       1 |   3.8
        D:4 |     300 |       0 |   0.0 |      15 |       0 |   0.0
        D:5 |     330 |     290 |  46.8 |       6 |       1 |  14.3
        D:6 |     497 |     272 |  35.4 |      11 |       8 |  42.1
        D:7 |     783 |    1848 |  70.2 |      26 |       9 |  25.7
        D:8 |     509 |     334 |  39.6 |      14 |       5 |  26.3
            +---------+---------+-------+---------+---------+-------
